AoeStats
← darador86

Lombardia

509017121Analyzed
4v4 RM · 9d ago on Sep 25, 2026· 33m 50s· 8 players
Game mode
Random Map
Map size
Large (8 player)
Population
200
Speed
Normal
Resources
Standard
Victory
Conquest
Starting age
Dark Age
Ending age
Imperial Age
RankedLock teamsTeams togetherTeam positionsShared explorationLock speedFull tech treeHidden civsTurbo modeCheats
Victory
Defeat
🇺🇾 Aztecs · Uruguay
796
+12
🇦🇺 Ethiopians · Australia
765
+13
🇨🇳 Cumans · China
673
+39
🇦🇷 Turks · Argentina
628
+18
🇦🇷 Chinese · Argentina
711
-16
🇺🇸 Huns · United States
709
-16
🇬🇹 Koreans · Guatemala
702
-26
🇲🇽 Franks · Mexico
654
-13
Mynor Valdez
11:38 Loom
13:25 Feudal Age
16:30 Wheelbarrow
26:42 Castle Age
26:27 Man-at-Arms
28:07 Crossbowman
30:42 Thumb Ring
32:55 Hand Cart
Dr_foul
11:23 Feudal Age
11:59 Double-Bit Axe
13:26 Horse Collar
28:36 Castle Age
26:34 Stone Mining
29:31 Bow Saw
29:25 Squires
29:34 Scale Mail Armor
30:07 Pikeman
30:52 Heavy Plow
32:17 Forging
armvalcap
17:37 Feudal Age
20:30 Wheelbarrow
19:43 Double-Bit Axe
19:55 Man-at-Arms
21:29 Gold Mining
21:30 Stone Mining
26:35 Castle Age
24:35 Fletching
25:57 Scale Barding Armor
27:31 Bow Saw
27:39 Hand Cart
29:40 Gold Shaft Mining
31:23 Bodkin Arrow
31:45 Treadmill Crane
32:26 Ballistics
darador86
14:16 Feudal Age
18:01 Double-Bit Axe
22:45 Castle Age
23:30 Squires
22:51 Pikeman
23:49 Bow Saw
26:34 Wheelbarrow
25:42 Horse Collar
25:54 Gold Mining
25:54 Stone Mining
29:16 Town Watch
29:50 Hand Cart
31:59 Town Patrol
goPales
8:50 Loom
10:44 Feudal Age
23:14 Castle Age
21:03 Double-Bit Axe
23:21 Scale Barding Armor
23:49 Gold Mining
24:10 Bow Saw
25:01 Husbandry
28:11 Bloodlines
34:44 Wheelbarrow
Good Knight
7:46 Loom
7:52 Loom
10:11 Feudal Age
8:29 Loom
11:48 Wheelbarrow
11:08 Double-Bit Axe
11:07 Horse Collar
11:24 Town Watch
21:26 Castle Age
19:47 Stone Mining
21:10 Fletching
21:17 Gold Mining
22:50 Squires
22:35 Arson
22:17 Crossbowman
23:02 Thumb Ring
22:21 Elite Skirmisher
25:10 Bow Saw
25:43 Heavy Plow
25:57 Padded Archer Armor
27:50 Stone Shaft Mining
35:18 Imperial Age
33:00 Forging
KelvinXing
5:23 Loom
10:56 Feudal Age
16:03 Double-Bit Axe
19:21 Horse Collar
22:31 Castle Age
21:36 Bloodlines
25:08 Wheelbarrow
24:21 Town Watch
25:55 Town Patrol
27:18 Bow Saw
27:10 Heavy Plow
29:17 Hand Cart
29:58 Gold Mining
29:59 Stone Mining
33:26 Imperial Age
32:03 Forging
31:59 Scale Barding Armor
33:42 Cavalier
jmanuelgiriboni
3:26 Loom
10:47 Feudal Age
11:47 Horse Collar
11:56 Double-Bit Axe
12:20 Gold Mining
13:27 Town Watch
21:12 Castle Age
19:24 Forging
21:49 Scale Mail Armor
21:17 Eagle Warrior
22:51 Bow Saw
24:14 Chain Mail Armor
26:08 Wheelbarrow
26:46 Fervor
27:50 Hand Cart
27:41 Town Patrol
30:02 Iron Casting
Connection lost

Rejoining the realm…

Still unreachable

The connection could not be restored.

Session expired

The server has moved on; the page needs a fresh start.